 Dungeon Crawl Stone Soup version 0.31.0 (webtiles) character file.

Game seed: 8219186316811693124

1755984 dorian the Wrestler (level 27, 200/200 HPs)
             Began as an Octopode Shapeshifter on Jan 19, 2024.
             Was the Champion of Wu Jian.
             Escaped with the Orb
             ... and 3 runes on Jan 20, 2024!
             The game lasted 02:50:54 (61243 turns).

dorian the Wrestler (Octopode Shapeshifter)        Turns: 61243, Time: 02:50:54

Health: 200/200    AC: 20    Str: 29    XL:     27
Magic:  31/31      EV: 54    Int: 15    God:    Wu Jian [******]
Gold:   3482       SH:  5    Dex: 14    Spells: 28/37 levels left

rFire   + +          .
                       - Unarmed
rCold   + . .        O - melded +5 kite shield {reflect}
rNeg    + + .        (helmet currently unavailable)
rPois   ∞            T - amulet of reflection
rElec   +            p - ring of positive energy
rCorr   +            y - +5 ring of evasion
SInv    +            f - ring "Hykilaz" {rN+ rCorr}
Will    ++...        k - ring of see invisible
Stlth   ++           B - +4 ring of protection
HPRegen 0.53/turn    e - +5 ring of evasion
MPRegen 0.22/turn    L - ring "Abbophu" {rC+ Will+ AC+4 Str-3 Stlth+}
                     a - +6 ring of strength

%: reflection
@: storm-form, flying, studying 4 skills
A: cleaving, insubstantial, flying, almost no armour, amphibious, 8 rings,
(camouflage 1), (gelatinous body 1), (nimble swimmer 1), (tentacles), (shaggy
fur 1), inability to drink after injury 1, inability to read after injury 1,
MP-powered wands
0: Orb of Zot
}: 3/15 runes: serpentine, barnacled, silver
a: Blinkbolt, Begin Untransformation, Renounce Religion, Wall Jump, Serpent's
Lash, Heavenly Storm


You escaped.
You worshipped Wu Jian.
Wu Jian was exalted by your worship.
You were a lightning-filled tempest!
You visited 9 branches of the dungeon, and saw 47 of its levels.
You visited the Abyss 1 time.
You visited 1 bazaar.
You also visited: Sewer and Ice Cave.

You collected 9909 gold pieces.
You spent 6427 gold pieces at shops.

Inventory:

Armour
 O - a +5 kite shield of reflection (melded)
Jewellery
 a - a +6 ring of strength (on tentacle)
 e - a +5 ring of evasion (on tentacle)
 f - the ring "Hykilaz" (on tentacle) {rN+ rCorr}
   (You acquired it on level 1 of the Shoals)

   [ring of resist corrosion]

   rN+:       It protects you from negative energy.
   rCorr:     It protects you from acid and corrosion.
 k - a ring of see invisible (on tentacle)
 l - a ring of protection from fire
 o - the amulet of Gidaz {RegenMP rPois rF++ rC- Int+2}
   (You took it off a deep elf demonologist on level 3 of the Elven Halls)

   [amulet of magic regeneration]

   RegenMP:   It increases your rate of magic regeneration.
   Int+2:     It affects your intelligence (+2).
   rF++:      It greatly protects you from fire.
   rC-:       It makes you vulnerable to cold.
   rPois:     It protects you from poison
 p - a ring of positive energy (left tentacle)
 y - a +5 ring of evasion (right tentacle)
 B - a +4 ring of protection (on tentacle)
 H - a +5 ring of evasion
 I - a ring of protection from fire
 K - a ring of protection from cold
 L - the ring "Abbophu" (on tentacle) {rC+ Will+ AC+4 Str-3 Stlth+}
   (You bought it in a shop on level 2 of the Depths)

   [ring of protection]

   AC+4:      It affects your AC (+4).
   Str-3:     It affects your strength (-3).
   rC+:       It protects you from cold.
   Will+:     It increases your willpower.
   Stlth+:    It makes you more stealthy.
 R - the amulet of the Falcon {rPois Regen+}
   (You found it on level 2 of the Lair of Beasts)

   [amulet of regeneration]

   rPois:     It protects you from poison Regen+: It increases your rate of
   health regeneration.
 T - an amulet of reflection (around neck)
Talismans
 c - the storm talisman of the Caustic Slorg (active) {rF++ Will- Str+4}
   (You found it on level 2 of the Depths)

   [storm talisman]

   Str+4:     It affects your strength (+4).
   rF++:      It greatly protects you from fire.
   Will-:     It decreases your willpower.
 s - a storm talisman
 G - a granite talisman
Wands
 b - a wand of mindburst (21)
 j - a wand of flame (73)
 v - a wand of digging (16)
 E - a wand of roots (51)
 N - a wand of quicksilver (27)
 V - a wand of paralysis (39)
Scrolls
 g - 9 scrolls of poison
 r - 31 scrolls of identify
 t - 18 scrolls of teleportation
 z - 4 scrolls of blinking
 A - 7 scrolls of fear
 C - 8 scrolls of fog
 M - 9 scrolls of immolation
 S - a scroll of revelation
Potions
 d - 4 potions of might
 h - 12 potions of haste
 i - a potion of mutation
 m - a potion of ambrosia
 n - 4 potions of resistance
 q - 26 potions of curing
 u - 2 potions of invisibility
 w - 6 potions of heal wounds
 x - 9 potions of attraction
 F - 5 potions of berserk rage
 J - 9 potions of lignification
 P - 2 potions of magic
 Q - 5 potions of enlightenment
 U - 2 potions of cancellation
Miscellaneous
 D - a phial of floods
 W - a lightning rod (4/4)
 X - a tin of tremorstones (2/2)


   Skills:
 - Level 19.7 Fighting
 - Level 21.0 Dodging
 - Level 13.6 Stealth
 - Level 12.2 Shields
 - Level 24.3 Unarmed Combat
 - Level 5.5 Spellcasting
 - Level 9.0 Translocations
 - Level 8.0 Air Magic
 * Level 23.9 Shapeshifting


You had 28 spell levels left.
You knew the following spells:

 Your Spells              Type           Power      Damage    Failure   Level
a - Blink                 Tloc           62%        N/A       1%          2
b - Vhi's Electric Charg  Tloc/Air       58%        N/A       4%          4
c - Swiftness             Air            28%        N/A       1%          3

Your spell library contained the following spells:

 Spells                   Type           Power      Damage    Failure   Level
 Apportation              Tloc           62%        N/A       1%          1
 Shock                    Conj/Air       64%        1d7       3%          1
 Passage of Golubria      Tloc           31%        N/A       3%          4
 Mercury Vapours          Alch/Air       32%        N/A       4%          2
 Cigotuvi's Dreadful Rot  Necr/Alch/Air  24%        N/A       8%          2
 Volatile Blastmotes      Fire/Tloc      34%        2d12      8%          3
 Freeze                   Ice            16%        1d4       16%         1
 Kiss of Death            Conj/Necr      16%        2d6       16%         1
 Magic Dart               Conj           16%        1d3       16%         1
 Necrotise                Necr           16%        1d4       16%         1
 Sandblast                Erth           8%         2d5       16%         1
 Slow                     Hex            16%        N/A       16%         1
 Sting                    Conj/Alch      16%        1d4       16%         1
 Summon Small Mammal      Summ           16%        N/A       16%         1
 Call Imp                 Summ           8%         N/A       24%         2
 Ensorcelled Hibernation  Hex/Ice        8%         N/A       24%         2
 Scorch                   Fire           8%         2d5       24%         2
 Dimensional Bullseye     Hex/Tloc       8%         N/A       24%         4
 Iskenderun's Mystic Bla  Conj/Tloc      17%        2d5       24%         4
 Call Canine Familiar     Summ           4%         N/A       43%         3
 Confusing Touch          Hex            4%         N/A       43%         3
 Frozen Ramparts          Ice            8%         1d2       43%         3
 Fugue of the Fallen      Necr           4%         N/A       43%         3
 Hailstorm                Conj/Ice       4%         3d5       43%         3
 Inner Flame              Hex/Fire       4%         N/A       43%         3
 Passwall                 Erth           4%         N/A       43%         3
 Sigil of Binding         Hex            4%         N/A       43%         3
 Stone Arrow              Conj/Erth      8%         3d7       43%         3
 Summon Ice Beast         Ice/Summ       4%         N/A       43%         3
 Tukima's Dance           Hex            4%         N/A       43%         3
 Vampiric Draining        Necr           4%         2d6       43%         3
 Arcjolt                  Conj/Air       8%         1d18      63%         5
 Silence                  Hex/Air        8%         N/A       63%         5
 Freezing Cloud           Conj/Ice/Air   6%         6-21      82%         5
 Anguish                  Hex/Necr       2%         N/A       83%         4
 Animate Dead             Necr           4%         N/A       83%         4
 Brom's Barrelling Bould  Conj/Erth      4%         2d3       83%         4
 Flame Wave               Conj/Fire      4%         2d5       83%         4
 Fulminant Prism          Conj/Alch      2%         3d5       83%         4
 Ignite Poison            Fire/Alch      4%         N/A       83%         4
 Martyr's Knell           Necr/Summ      4%         N/A       83%         4
 Petrify                  Alch/Erth      4%         N/A       83%         4
 Sticky Flame             Fire/Alch      4%         2d4       83%         4
 Summon Blazeheart Golem  Fire/Summ      4%         N/A       83%         4
 Curse of Agony           Necr           4%         N/A       99%         5
 Fireball                 Conj/Fire      2%         3d4       99%         5
 Irradiate                Conj/Alch      2%         3d12      99%         5
 Iskenderun's Battlesphe  Conj           4%         2d6       99%         5
 Summon Mana Viper        Hex/Summ       4%         N/A       99%         5
 Yara's Violent Unravell  Hex/Alch       2%         3d3       99%         5
 Conjure Ball Lightning   Conj/Air       8%         3x3d6     99%         6
 Bombard                  Conj/Erth      2%         9d1       100%        6
 Death Channel            Necr           2%         N/A       100%        6
 Starburst                Conj/Fire      2%         6d3       100%        6
 Summon Cactus Giant      Summ           2%         N/A       100%        6
 Haunt                    Necr/Summ      2%         N/A       100%        7
 Monstrous Menagerie      Summ           2%         N/A       100%        7
 Orb of Destruction       Conj           2%         9d5       100%        7
 Spellforged Servitor     Conj/Summ      2%         N/A       100%        7
 Borgnjor's Revivificati  Necr           2%         N/A       100%        8
 Infestation              Necr           2%         N/A       100%        8
 Lehudib's Crystal Spear  Conj/Erth      2%         10d2      100%        8
 Maxwell's Capacitive Co  Air            14%        ∞         100%        8
 Sublimation of Blood     Necr           Unusable   N/A       N/A         2
 Animate Armour           Summ/Erth      Unusable   N/A       N/A         4

Dungeon Overview and Level Annotations

Branches:
Dungeon (15/15)            Temple (0/1) D:6            Lair (5/5) D:10
 Shoals (4/4) Lair:3        Snake (4/4) Lair:2        Slime (0/5) Lair:5
    Orc (2/2) D:12            Elf (3/3) Orc:2        Vaults (5/5) D:13
  Crypt (0/3) Vaults:2     Depths (4/4) D:15            Zot (5/5) Depths:4
  Sewer (visited)           IceCv (visited)

Altars:
Dithmenos
Fedhas
Gozag
Kikubaaqudgha
Nemelex Xobeh
Okawaru
Uskayaw
Vehumet
Wu Jian
Yredelemnul
Lugonu

Shops:
D:2 *   D:3 ![   D:5 [   D:12 ([   D:14 (   Orc:2 [[**[*!!   Elf:1 *
Snake:4 :!   Vaults:2 (   Vaults:3 *   Depths:2 =:=

Portals:
Hell: Depths:1 Depths:2 Depths:3 Depths:4
Abyss: Lair:5 Depths:3 Depths:4
Pandemonium: Depths:2 Depths:4
Ziggurat: Depths:2

Annotations:
D:3 1 runed translucent door, Crazy Yiuf
Zot:1 1 runed translucent door, reasonance's ghost, legendary DsFi
Zot:2 2 transporters, exclusion: orange crystal statue


Innate Abilities, Weirdness & Mutations

You are a lightning-filled tempest!
Your electrical attacks strike out in all directions at once.
You are incredibly evasive.
Your insubstantial body is immune to petrification, constriction, and being set on fire You are flying.
Your armour is entirely melded.
You are incapable of wielding weapons or throwing items.
You cannot wear most types of armour.
You are amphibious.
You can wear up to eight rings at the same time.
You are immune to poison.
((Your skin changes colour to match your surroundings (Stealth+).))
((Your rubbery body absorbs attacks. (AC +1, EV +1)))
((You are camouflaged when in or above water. (Stealth+)))
((You have tentacles for arms and can constrict up to eight enemies at once.))
((You are covered in fur. (AC +1)))
You occasionally lose the ability to drink potions when taking damage.
You occasionally lose the ability to read scrolls when taking damage.
You expend magic power (3 MP) to strengthen your wands.


Message History

There is a stone staircase leading up here.
You fly upwards.
There is a stone staircase leading down here.
What level of the Dungeon? (default 1, ? - help)
You see here a +0 shortbow.
A red devil comes into view. It is wielding a +0 trident.
There is a stone staircase leading up here.
You fly upwards.
There is a stone staircase leading down here.
What level of the Dungeon? (default 1, ? - help)
There is a stone staircase leading up here.
You fly upwards.
There is a stone staircase leading down here.
You see here a staff of fire.
There is a stone staircase leading up here.
You fly upwards.
Level annotation: 1 runed translucent door, Crazy Yiuf
There is a stone staircase leading down here.
There is a stone staircase leading up here.
You fly upwards.
There is a stone staircase leading down here.
There is a stone staircase leading up here.
You fly upwards.
There is a stone staircase leading down here.
A shadow demon comes into view.
The shadow demon gestures.
You closely miss the quokka.
You blast the quokka!!!!
Lightning courses through the quokka!!
You kill the quokka!
The quokka's corpse dissolves into shadows!
You blast the shadow demon!!!
You kill the shadow demon!
The Council accepts your kill.
The goblin dissolves into shadows!
The giant cockroach dissolves into shadows!
There is an open door here.
There is a dry fountain here.
There is an open door here.
There is a staircase leading out of the dungeon here.
You have escaped!

..>#.#......#
.#.#.#..######
.#.#.#..##...#
...#.##.##.8.#
.#.#.##.##...#
##.#.##.###+###
#.#.##.'.....#####
#.#.#..#.....#...#
#.#.#..#..⌠..'.v.#
#.#.#..#.....#...#
##.#.#..'.....#####
...#.#.####+### ###
####.#.#.#...# #.#
.....#.#.#.8.# #.#
..##.#...#...#
####.#
#.##.###.#####
#....# #.##.#.....#
##.###


There were no monsters in sight!

Vanquished Creatures
  2 dread liches (Zot:5)
  Frederick (Vaults:3)
  2 ancient liches
  10 orbs of fire
  2 pandemonium lords
  Saint Roka (Vaults:3)
  Bai Suzhen (Depths:1)
  5 Killer Klowns (Zot:5)
  Margery (Depths:4)
  The ghost of Bananafolds the Warrior, an adept NaAl of Cheibriados (D:15)
  3 curse toes
  The ghost of Janeylunn the Victor of a Thousand Battles, a veteran GnWn of Okawaru (Depths:4)
  7 golden dragons
  Nikola (Shoals:1)
  17 tentacled monstrosities
  3 electric golems
  2 bone dragons
  An iron giant (Depths:4)
  A hellephant (Depths:3)
  A Hell Sentinel (Zot:5)
  27 Orb Guardians
  2 deep elf blademasters
  4 quicksilver dragons
  3 sphinxes (Vaults:5)
  8 titans
  6 liches
  Asterion (Snake:4)
  Frances (D:14)
  2 deep elf master archers (Elf:3)
  A walking frostbound tome (Depths:3)
  A tentacled starspawn (Abyss:2)
  12 death cobs
  11 shadow dragons
  5 tengu reavers
  Donald (Elf:2)
  Kirke (D:15)
  Aizul (Elf:1)
  7 storm dragons
  Roxanne (Elf:2)
  3 draconian monks
  5 frost giants
  4 draconian knights
  A daeva (Abyss:2)
  9 nagarajas
  11 fire giants
  5 protean progenitors
  4 draconian scorchers
  4 spectral caustic shrikes (Depths:2)
  8 deep elf sorcerers
  7 draconian shifters
  2 iron dragons
  A caustic shrike zombie (Depths:1)
  A balrug (Abyss:2)
  3 ghost moths
  14 vault wardens
  6 deep elf elementalists
  3 draconian stormcallers
  3 spriggan defenders
  2 juggernaut zombies (Depths:1)
  3 formless jellyfish
  2 draconian annihilators
  12 ironbound preservers
  2 reapers
  6 orc warlords
  7 very ugly things
  A vampire knight (Depths:1)
  2 caustic shrike skeletons (Depths:2)
  3 juggernaut skeletons (Depths:2)
  6 ironbound thunderhulks
  13 stone giants
  2 demonspawn black suns (Zot:3)
  10 red draconians
  5 black draconians
  7 deep elf death magi
  8 green draconians
  5 deep elf demonologists
  A lorocyproca (Zot:5)
  Azrael (D:14)
  6 purple draconians
  3 spark wasps (Depths:2)
  4 war gargoyles
  2 bunyips (Zot:5)
  11 deep elf annihilators
  4 yellow draconians
  3 white draconians
  3 crystal guardians
  4 merfolk impalers
  A quicksilver dragon zombie (Depths:1)
  12 yaktaur captains
  5 merfolk javelineers
  13 ettins
  5 fire dragons
  5 jiangshi
  6 deep elf high priests
  3 entropy weavers
  8 hydras
  2 great orbs of eyes
  10 ice dragons
  The ghost of DevastatorOne the Basher, a journeyman MiBe of Trog (D:11)
  2 rakshasas (Depths:1)
  2 salamander tyrants
  3 spriggan zombies
  A hell beast (Depths:1)
  2 ironbound frosthearts (Vaults:4)
  26 vault guards
  5 spriggan air magi
  3 merfolk avatars
  3 ogre magi (Vaults:5)
  2 peacekeepers
  A catoblepas (Lair:5)
  11 anacondas
  3 boulder beetles
  18 centaur warriors
  13 two-headed ogres
  2 radroaches (Zot:2)
  3 spriggan skeletons (Depths:2)
  A death knight (D:13)
  5 merfolk aquamancers
  2 two-headed ogres (shapeshifter) (Vaults:5)
  2 alligator snapping turtles (Shoals:4)
  28 dancing weapons
  7 death yaks
  6 deep troll shamans
  9 naga warriors
  8 tengu warriors
  6 sphinx skeletons
  3 vampire magi
  8 deep troll earth magi
  5 satyrs
  2 hell hogs (Depths:1)
  14 naga sharpshooters
  A titan zombie (Depths:1)
  2 occultists
  A demonic crawler (Depths:1)
  4 orc high priests
  5 spriggan berserkers
  3 thrashing horrors (Lair:5)
  26 deep elf knights
  5 shock serpents
  A wretched star (Abyss:2)
  3 soul eaters (Depths:1)
  4 sun demons (Depths:1)
  3 titan skeletons
  5 iron trolls
  9 hell knights
  6 salamander mystics
  19 skeletal warriors
  A spatial maelstrom (Abyss:2)
  Lodul (D:10)
  7 sea snakes
  3 skysharks
  A storm dragon skeleton (Depths:2)
  A golden dragon zombie (Depths:1)
  38 deep trolls
  A sun moth (shapeshifter) (Vaults:5)
  7 naga ritualists
  4 arcanists
  5 glowing orange brains
  2 mana vipers (shapeshifter)
  3 tengu zombies (Depths:1)
  3 golden dragon skeletons
  4 lindwurms
  14 ironbound convokers
  2 shadow demons
  6 necromancers
  A goliath frog (shapeshifter) (Vaults:5)
  An iron dragon zombie (Depths:1)
  23 deep elf zephyrmancers
  11 orc knights
  8 phantasmal warriors
  11 deep elf archers
  13 mana vipers
  31 deep elf pyromancers
  11 orc sorcerers
  5 tengu skeletons
  A wolf spider zombie (D:11)
  15 harpies
  15 ugly things
  2 wolf spiders
  12 salamanders
  6 cyclopes
  A shadow dragon skeleton (Depths:2)
  2 fire giant skeletons (Depths:2)
  2 spectral centaurs (D:11)
  12 manticores
  17 moths of wrath
  An ice statue (IceCv)
  6 large abominations
  3 merfolk sirens
  A rust devil (D:13)
  33 black mambas
  15 vault sentinels
  2 iron dragon skeletons (Depths:1)
  46 slime creatures
  7 guardian serpents
  11 naga magi
  4 smoke demons
  A centaur zombie (D:11)
  Joseph (D:10)
  2 kobold blastminers
  3 gargoyles
  3 meliai (D:15)
  20 elephants
  An apocalypse crab (Abyss:2)
  3 frost giant skeletons (Depths:2)
  2 water nymphs (Shoals:4)
  An orange demon (Abyss:2)
  7 cane toads
  A kobold demonologist (D:12)
  5 freezing wraiths
  7 komodo dragons
  A rime drake (shapeshifter) (D:15)
  6 rime drakes
  33 yaktaurs
  3 anaconda simulacra (IceCv)
  An efreet (D:13)
  4 ancient zymes (Abyss:2)
  12 ice devils
  A queen bee (shapeshifter) (Lair:5)
  9 trolls
  2 tengu conjurers
  9 wind drakes
  A merfolk (shapeshifter) (Vaults:5)
  A golden dragon simulacrum (Depths:2)
  9 hornets
  5 polar bears
  21 merfolk
  A glass eye (shapeshifter) (Vaults:5)
  2 tyrant leeches (Zot:2)
  A tarantella (Vaults:4)
  24 blink frogs
  16 dream sheep
  3 glass eyes
  3 raiju
  5 shadows
  A centaur simulacrum (D:15)
  10 snapping turtles
  10 air elementals
  A jumping spider (Vaults:4)
  4 wyverns
  2 ynoxinuls (Lair:5)
  4 wraiths
  4 spriggans
  A dire elephant simulacrum (IceCv)
  A vampire (D:14)
  16 water elementals
  59 yaks
  4 hogs (D:15)
  7 fire elementals
  2 redbacks (Vaults:4)
  3 fire bats (Depths:4)
  A steam dragon (D:9)
  A neqoxec (Abyss:2)
  8 wargs
  3 death yak simulacra (IceCv)
  A chaos spawn (Lair:5)
  7 vampire mosquitoes
  Eustachio (D:3)
  A redback simulacrum (D:14)
  2 harpy simulacra (IceCv)
  15 basilisks
  A glowing shapeshifter zombie (Depths:1)
  3 spatial vortices (Abyss:2)
  32 nagas
  3 hydra simulacra (IceCv)
  2 hell hounds (D:14)
  2 acid dragons (D:11)
  2 sky beasts (D:7)
  8 water moccasins
  44 orc warriors
  2 black bears (D:6)
  2 glowing shapeshifter skeletons
  A black bear (shapeshifter) (Depths:2)
  19 ogres
  2 boggarts (Elf:3)
  12 laughing skulls
  15 centaurs
  A phantom (D:4)
  4 kobold brigands
  A weeping skull (Abyss:2)
  8 bullfrogs
  6 cane toad simulacra (IceCv)
  2 earth elementals
  A scorpion (D:6)
  A glowing shapeshifter simulacrum (Depths:2)
  14 small abominations
  3 elephant simulacra (IceCv)
  3 killer bees
  5 electric eels
  6 howler monkeys
  3 hounds
  A bombardier beetle (D:5)
  4 jellies (Sewer)
  A spectral boggart (D:11)
  An iron imp (Abyss:2)
  18 orc priests
  2 sleepcaps
  Jessica (D:2)
  Terence (D:2)
  2 iguanas (D:6)
  Natasha (D:3)
  A boggart zombie (D:11)
  30 orc wizards
  3 polar bear simulacra (IceCv)
  2 troll simulacra (IceCv)
  5 wolf simulacra (IceCv)
  Robin (D:3)
  4 gnolls (D:3)
  12 adders
  3 naga simulacra (IceCv)
  7 river rats
  2 shadow imps
  13 white imps
  5 dart slugs
  5 ribbon worms
  76 orcs
  17 endoplasms
  5 giant cockroaches
  9 goblins
  12 hobgoblins
  7 jackals
  10 kobolds
  7 quokkas
  7 ball pythons
  6 bats
  4 frilled lizards
  15 rats
  2 aspiring fleshes (Zot:5)
2105 creatures vanquished.

Vanquished Creatures (others)
  A storm dragon (Vaults:5)
  A shadow dragon (Zot:4)
  A stone giant (Depths:4)
  A white draconian (Zot:4)
  A centaur warrior (D:13)
  A deep elf knight (Elf:2)
  A hell knight (Vaults:5)
  A deep troll (Vaults:2)
  4 lightning spires (Depths:2)
  A deep elf zephyrmancer (Elf:2)
  An unseen horror (D:11)
  A yaktaur (Vaults:1)
  A hornet (Depths:2)
  A naga (Snake:2)
  A white imp (D:12)
  2 starspawn tentacles (Abyss:2)
20 creatures vanquished.

Grand Total: 2125 creatures vanquished

Notes
Turn   | Place    | Note
-------+----------+-------------------------------------------
     0 | D:1      | dorian the Octopode Shapeshifter began the quest for the
                  | Orb.
     0 | D:1      | Reached XP level 1. HP: 13/13 MP: 1/1
   103 | D:1      | Reached XP level 2. HP: 18/18 MP: 2/2
   641 | D:1      | Reached XP level 3. HP: 15/23 MP: 3/3
   917 | D:1      | Found a faded altar of an unknown god.
  1269 | D:2      | Noticed Jessica
  1276 | D:2      | Killed Jessica
  1277 | D:2      | Reached XP level 4. HP: 28/28 MP: 4/4
  1331 | D:2      | Found Mykypumm's Assorted Antiques.
  1396 | D:2      | Bought an opal ring for 90 gold pieces
  1425 | D:2      | You fall into a shaft and drop 2 floors!
  1595 | D:4      | Noticed Eustachio
  1608 | D:3      | Killed Eustachio
  1609 | D:3      | Reached skill level 4 in Unarmed Combat
  1609 | D:3      | Reached XP level 5. HP: 20/34 MP: 5/5
  1739 | D:2      | Noticed Terence
  1746 | D:2      | Killed Terence
  2127 | D:2      | Reached XP level 6. HP: 39/39 MP: 6/6
  2221 | D:3      | Found Xidud's Distillery.
  2264 | D:3      | Bought a potion of curing for 33 gold pieces
  2288 | D:3      | Found a runed translucent door.
  2289 | D:3      | Noticed Crazy Yiuf
  2450 | D:3      | Found an ornate altar of the Wu Jian Council.
  2527 | D:3      | Became a worshipper of the Wu Jian Council
  2645 | D:3      | Noticed Robin
  2660 | D:3      | Killed Robin
  2790 | D:3      | Found Oliwer's Antique Armour Emporium.
  2907 | D:3      | Noticed Natasha
  2914 | D:3      | Killed Natasha
  3255 | D:4      | Reached * piety under Wu Jian
  3356 | D:4      | Reached skill level 5 in Unarmed Combat
  3356 | D:4      | Reached XP level 7. HP: 30/45 MP: 3/7
  3639 | D:5      | Entered Level 5 of the Dungeon
  3668 | D:5      | Found Cohorem's Armour Shop.
  3740 | D:5      | Reached skill level 5 in Shapeshifting
  4078 | D:5      | Found a glowing drain.
  4146 | Sewer    | Entered a sewer
  4201 | Sewer    | Reached ** piety under Wu Jian
  4328 | Sewer    | Found a viscous altar of Jiyva.
  4750 | D:5      | Found a sparkling altar of Nemelex Xobeh.
  4772 | D:5      | Reached XP level 8. HP: 48/52 MP: 6/8
  4846 | D:5      | Reached skill level 6 in Unarmed Combat
  5443 | D:6      | Found a blossoming altar of Fedhas.
  5444 | D:6      | Found a basalt altar of Yredelemnul.
  5542 | D:6      | Found a staircase to the Ecumenical Temple.
  5901 | D:6      | Reached *** piety under Wu Jian
  5956 | D:6      | Noticed a two-headed ogre
  5966 | D:6      | Reached XP level 9. HP: 58/58 MP: 9/9
  6006 | D:6      | Killed a two-headed ogre
  6007 | D:6      | Reached skill level 7 in Unarmed Combat
  6007 | D:6      | Reached XP level 10. HP: 45/65 MP: 6/10
  6249 | D:7      | Reached skill level 5 in Dodging
  6851 | D:7      | Reached skill level 5 in Fighting
  6986 | D:7      | Identified a scroll of acquirement
  6986 | D:7      | Acquired 985 gold pieces
  7134 | D:7      | Reached skill level 8 in Unarmed Combat
  8543 | D:9      | Reached **** piety under Wu Jian
  8551 | D:9      | Reached XP level 11. HP: 72/72 MP: 11/11
  8586 | D:9      | Identified the +3 sling of Amorality {flame, rC+}
  8772 | D:10     | Entered Level 10 of the Dungeon
  8820 | D:10     | Reached skill level 9 in Unarmed Combat
  9418 | D:10     | Noticed a death yak
  9418 | D:10     | Noticed a death yak
  9432 | D:10     | Noticed a death yak
  9437 | D:9      | Killed a death yak
  9587 | D:10     | Noticed Lodul
  9849 | D:10     | Killed a death yak
  9856 | D:10     | Killed a death yak
  9857 | D:10     | Reached skill level 10 in Unarmed Combat
  9931 | D:10     | Found a staircase to the Lair.
 10020 | D:10     | Noticed Joseph
 10021 | D:10     | Found a hide-covered altar of Uskayaw.
 10026 | D:10     | Killed Joseph
 10075 | D:10     | Killed Lodul
 10261 | D:10     | Found a shadowy altar of Dithmenos.
 10771 | D:11     | Noticed a two-headed ogre
 10773 | D:11     | Noticed a two-headed ogre
 10780 | D:11     | Killed a two-headed ogre
 10781 | D:11     | Reached skill level 11 in Unarmed Combat
 10781 | D:11     | Reached XP level 12. HP: 81/81 MP: 12/12
 10782 | D:11     | Killed a two-headed ogre
 10940 | D:11     | Reached ***** piety under Wu Jian
 11097 | D:11     | Reached skill level 12 in Unarmed Combat
 11440 | D:11     | Found an opulent altar of Gozag.
 11519 | D:11     | Found a runed translucent gate.
 11519 | D:11     | Found a runed translucent gate.
 11519 | D:11     | Found a runed translucent gate.
 11519 | D:11     | Noticed DevastatorOne's ghost (journeyman MiBe)
 11532 | D:11     | Identified the +1 battleaxe "Rywiyq" {flame, rElec rC+
                  | Str+3 Dex+2}
 11963 | D:3      | Bought a potion of resistance for 110 gold pieces
 11963 | D:3      | Bought a potion of heal wounds for 55 gold pieces
 11963 | D:3      | Bought a potion of haste for 110 gold pieces
 11963 | D:3      | Bought a potion of curing for 33 gold pieces
 11963 | D:3      | Bought a potion of haste for 110 gold pieces
 11963 | D:3      | Bought 2 potions of heal wounds for 110 gold pieces
 12162 | D:12     | Found Foddy's Weapon Shop.
 12162 | D:12     | Found a staircase to the Orcish Mines.
 12162 | D:12     | Found a frozen archway.
 12163 | D:12     | Found Pamniu's Armour Shop.
 12268 | IceCv    | Entered an ice cave
 12828 | IceCv    | Found an ancient bone altar of Kikubaaqudgha.
 12853 | IceCv    | Reached XP level 13. HP: 67/90 MP: 7/13
 12886 | IceCv    | Reached skill level 13 in Unarmed Combat
 13767 | D:12     | Found an iron altar of Okawaru.
 15208 | D:13     | Reached skill level 14 in Unarmed Combat
 15217 | D:13     | Reached skill level 10 in Dodging
 15235 | D:13     | Reached skill level 10 in Fighting
 15614 | D:13     | Found a gate to the Vaults.
 15614 | D:13     | Noticed a vault guard
 15636 | D:13     | Killed a vault guard
 16087 | Lair:1   | Entered Level 1 of the Lair of Beasts
 16154 | Lair:1   | Reached XP level 14. HP: 99/99 MP: 12/14
 16527 | Lair:1   | Reached skill level 15 in Unarmed Combat
 17396 | Lair:2   | Found a staircase to the Snake Pit.
 17494 | Lair:2   | Reached ****** piety under Wu Jian
 17534 | Lair:2   | Identified the amulet of the Falcon {rPois Regen+}
 18140 | Lair:3   | Found a staircase to the Shoals.
 19197 | Lair:4   | Reached skill level 16 in Unarmed Combat
 19990 | Lair:5   | Entered Level 5 of the Lair of Beasts
 19990 | Lair:5   | Found a staircase to the Slime Pits.
 20102 | Lair:5   | Reached XP level 15. HP: 108/108 MP: 15/15
 20588 | Lair:5   | Reached skill level 17 in Unarmed Combat
 21352 | Lair:5   | Found a corrupted altar of Lugonu.
 21352 | Lair:5   | Found a one-way gate to the infinite horrors of the Abyss.
 21360 | Lair:5   | Got the Reference Book on Shades and Conflagration
 21642 | Orc:1    | Entered Level 1 of the Orcish Mines
 21657 | Orc:1    | Noticed an orc warlord
 21837 | Orc:1    | Killed an orc warlord
 22118 | Orc:2    | Entered Level 2 of the Orcish Mines
 22135 | Orc:2    | Found a staircase to the Elven Halls.
 22152 | Orc:2    | Found Fethegeg's Antique Armour Emporium.
 22560 | Orc:2    | Found Opeth's Assorted Antiques.
 22571 | Orc:2    | Bought an emerald potion for 30 gold pieces
 22594 | Orc:2    | Found Meit's Armour Emporium.
 22740 | Orc:2    | Noticed an orc warlord
 22751 | Orc:1    | Killed an orc warlord
 22752 | Orc:1    | Reached skill level 1 in Stealth
 22896 | Orc:2    | Noticed an orc warlord
 22928 | Orc:1    | Reached XP level 16. HP: 91/116 MP: 16/16
 23554 | Orc:2    | Found Xanynukoa's General Store.
 23558 | Orc:2    | Bought a potion of heal wounds for 70 gold pieces
 23592 | Orc:2    | Reached skill level 18 in Unarmed Combat
 23601 | Orc:2    | Found Qatuosk's Assorted Antiques.
 23601 | Orc:2    | Found Faik's Antique Armour Boutique.
 23670 | Orc:2    | Found Aplautho's Distillery.
 23670 | Orc:2    | Found Hetoca Ruos's Distillery.
 23679 | Orc:2    | Bought a potion of might for 56 gold pieces
 23679 | Orc:2    | Bought a potion of haste for 140 gold pieces
 23679 | Orc:2    | Bought a potion of might for 56 gold pieces
 23679 | Orc:2    | Bought a potion of might for 56 gold pieces
 23680 | Orc:2    | Bought a potion of haste for 140 gold pieces
 23680 | Orc:2    | Bought a potion of heal wounds for 70 gold pieces
 23680 | Orc:2    | Bought 2 potions of curing for 84 gold pieces
 23680 | Orc:2    | Bought a potion of curing for 42 gold pieces
 23680 | Orc:2    | Bought 2 potions of haste for 280 gold pieces
 23680 | Orc:2    | Bought a potion of curing for 42 gold pieces
 23930 | Orc:2    | Got the Monograph on Evil Tinctures
 24101 | D:11     | Killed DevastatorOne's ghost
 24549 | D:14     | Noticed Azrael
 24560 | D:14     | Killed Azrael
 24590 | D:14     | Noticed Frances
 24682 | D:15     | Entered Level 15 of the Dungeon
 24733 | D:14     | Found Faygep's Weapon Emporium.
 25113 | D:14     | Killed Frances
 25114 | D:14     | Reached skill level 5 in Stealth
 25120 | D:14     | Got the Codex of Clouds
 25622 | D:15     | Found a staircase to the Depths.
 25762 | D:15     | Noticed Kirke
 25780 | D:15     | Killed Kirke
 26069 | D:15     | Found a runed translucent gate.
 26070 | D:15     | Found a runed translucent gate.
 26070 | D:15     | Found a runed translucent gate.
 26073 | D:15     | Noticed Bananafolds's ghost (adept NaAl)
 26114 | D:15     | Found an iron altar of Okawaru.
 26259 | D:15     | Killed Bananafolds's ghost
 26499 | D:15     | Identified the dragon-blood talisman "Lyokk" {*Slow rF+
                  | Str+6}
 26503 | D:15     | Acquired a manual of Stealth
 26695 | Snake:1  | Entered Level 1 of the Snake Pit
 26710 | Snake:1  | Reached XP level 17. HP: 123/123 MP: 17/17
 26973 | Snake:1  | Reached skill level 19 in Unarmed Combat
 27432 | Snake:2  | Found an ornate altar of the Wu Jian Council.
 28029 | Snake:2  | Reached skill level 10 in Stealth
 29964 | Snake:4  | Entered Level 4 of the Snake Pit
 30048 | Snake:4  | Reached XP level 18. HP: 124/131 MP: 18/18
 30049 | Snake:4  | Noticed Asterion
 30310 | Snake:4  | Reached skill level 20 in Unarmed Combat
 30396 | Snake:4  | Killed Asterion
 30745 | Snake:4  | Found Giruful's Distillery.
 30753 | Snake:4  | Bought a potion of heal wounds for 50 gold pieces
 30753 | Snake:4  | Bought a potion of heal wounds for 50 gold pieces
 30753 | Snake:4  | Bought a potion of curing for 30 gold pieces
 30753 | Snake:4  | Bought a potion of berserk rage for 50 gold pieces
 30753 | Snake:4  | Bought a potion of mutation for 80 gold pieces
 30753 | Snake:4  | Bought a potion of might for 40 gold pieces
 30820 | Snake:4  | Found Jaenleops's Vocational Training.
 31686 | Snake:4  | Got a serpentine rune of Zot
 32035 | Depths:1 | Entered Level 1 of the Depths
 32168 | Depths:1 | Noticed a lich
 32176 | Depths:1 | Killed a lich
 32447 | Depths:1 | Noticed a lich
 32456 | Depths:1 | Noticed Bai Suzhen
 32532 | Depths:1 | Killed Bai Suzhen
 32533 | Depths:1 | Reached skill level 15 in Dodging
 32585 | Depths:1 | Killed a lich
 32697 | Depths:1 | Reached skill level 15 in Fighting
 32829 | Depths:1 | Reached skill level 15 in Shapeshifting
 32895 | Depths:1 | Noticed a golden dragon
 32912 | Depths:1 | Killed a golden dragon
 32990 | Depths:1 | Reached skill level 21 in Unarmed Combat
 33084 | Depths:1 | Reached XP level 19. HP: 139/139 MP: 19/19
 34530 | Depths:1 | Found a gateway to Hell.
 34768 | Depths:1 | Found the +9 sword of Zonguldrok {reap}
 34768 | Depths:1 | Noticed a bone dragon
 34779 | Depths:1 | Killed a bone dragon
 35111 | Depths:2 | Found a one-way gateway to a ziggurat.
 35488 | Depths:2 | Found Foelud's Jewellery Emporium.
 35489 | Depths:2 | Found Laaruuta's Book Shop.
 35490 | Depths:2 | Found Tiebb's Jewellery Emporium.
 35496 | Depths:2 | Bought a granite talisman for 1320 gold pieces
 35496 | Depths:2 | Bought the ring "Abbophu" {rC+ Will+ AC+4 Str-3 Stlth+} for
                  | 1146 gold pieces
 35507 | Depths:2 | Learned a level 2 spell: Blink
 35512 | Depths:2 | Learned a level 4 spell: Vhi's Electric Charge
 35592 | Depths:2 | Found a one-way gate leading to the halls of Pandemonium.
 35693 | Depths:2 | Reached skill level 1 in Air Magic
 35825 | Depths:2 | Noticed a bone dragon
 35838 | Depths:2 | Killed a bone dragon
 35879 | Depths:2 | Got the Secrets of Abominable Mysteries and the Tropics
 36713 | Depths:2 | Found a runed translucent door.
 36948 | Depths:2 | Reached XP level 20. HP: 143/147 MP: 20/20
 37030 | Depths:2 | Paralysed by an air elemental for 1 turns
 37036 | Depths:2 | Paralysed by an air elemental for 1 turns
 37042 | Depths:2 | Paralysed by an air elemental for 1 turns
 37072 | Depths:2 | Identified the storm talisman of the Caustic Slorg {rF++
                  | Will- Str+4}
 37732 | Depths:3 | Found a corrupted altar of Lugonu.
 38424 | Depths:4 | Entered Level 4 of the Depths
 38424 | Depths:4 | Found a transporter.
 38449 | Depths:4 | Noticed a hellephant
 38454 | Depths:4 | Noticed Margery
 38463 | Depths:3 | Reached skill level 22 in Unarmed Combat
 38672 | Depths:4 | Noticed a golden dragon
 38681 | Depths:3 | Killed a golden dragon
 39029 | Elf:1    | Entered Level 1 of the Elven Halls
 39048 | Elf:1    | Found a radiant altar of Vehumet.
 39219 | Elf:1    | Reached skill level 1 in Translocations
 39232 | Elf:1    | Reached skill level 5 in Air Magic
 39766 | Elf:1    | Identified the serpent talisman "Zileaf" {rF- rN+++ Int-3
                  | Dex+6}
 39766 | Elf:1    | Noticed Aizul
 39775 | Elf:1    | Killed Aizul
 39802 | Elf:1    | Found Xugu's CLEARANCE SALE!.
 39810 | Elf:1    | Bought a scroll of teleportation for 15 gold pieces
 40213 | Elf:2    | Noticed Roxanne
 40220 | Elf:2    | Killed Roxanne
 40272 | Elf:2    | Reached XP level 21. HP: 154/154 MP: 21/21
 40406 | Elf:2    | Found a runed translucent gate.
 40406 | Elf:2    | Found a runed translucent gate.
 40406 | Elf:2    | Found a runed translucent gate.
 40646 | Abyss:2  | Cast into level 2 of the Abyss (+3 scimitar of distortion)
 40649 | Abyss:2  | Found a corrupted altar of Lugonu.
 40826 | Abyss:2  | Found a corrupted altar of Lugonu.
 40896 | Elf:2    | Escaped the Abyss
 41042 | Elf:2    | Noticed Donald
 41046 | Elf:2    | Killed Donald
 41312 | Elf:3    | Entered Level 3 of the Elven Halls
 41880 | Elf:3    | Reached skill level 5 in Translocations
 42105 | Elf:3    | Identified the +11 great mace of the Traitor {pain, rPois
                  | Dex+4 SInv Stlth-}
 42105 | Elf:3    | Identified the amulet of Gidaz {RegenMP rPois rF++ rC-
                  | Int+2}
 42453 | Elf:3    | Found the +7 mace of Variability {chaos, chaos arc}
 42459 | Elf:3    | Identified the staff of Greatest Utility {rPois Int+4
                  | Alchemy}
 42481 | Elf:3    | Identified the staff of the Howling One {rC+ Will+ rCorr
                  | Ice}
 42482 | Elf:3    | Identified the +3 ring mail of the Doomed God {Harm rN+
                  | Str+2 Dex-4}
 42791 | Vaults:1 | Entered Level 1 of the Vaults
 42949 | Vaults:1 | Reached XP level 22. HP: 162/162 MP: 22/22
 43278 | Vaults:1 | Identified the +5 scale mail of Trumpets {+Blink rF+ Str+3
                  | Int-3}
 44037 | Vaults:2 | Found a staircase to the Crypt.
 44037 | Vaults:2 | Found a basalt altar of Yredelemnul.
 44037 | Vaults:2 | Found an ancient bone altar of Kikubaaqudgha.
 44456 | Vaults:2 | Reached skill level 1 in Spellcasting
 44501 | Vaults:2 | Found Elilicw's Weapon Shop.
 45222 | Vaults:3 | You fall into a shaft and drop 1 floor!
 45320 | Vaults:3 | Identified the orb of Boredom {light, rC+}
 45320 | Vaults:3 | Noticed Frederick
 45331 | Vaults:3 | Killed Frederick
 45359 | Vaults:3 | Noticed Saint Roka
 45365 | Vaults:3 | Killed Saint Roka
 45695 | Vaults:3 | Found Cumalim's Assorted Antiques.
 45703 | Vaults:3 | Bought a scroll of blinking for 292 gold pieces
 46238 | Depths:4 | Killed Margery
 46240 | Depths:4 | Reached XP level 23. HP: 170/170 MP: 27/27
 46358 | Depths:4 | Identified the +6 great mace of the Unseen Realm {pain,
                  | +Blink}
 46359 | Depths:4 | Noticed Janeylunn's ghost (veteran GnWn)
 46362 | Depths:4 | Identified the +8 great mace of Big Damage {heavy, *Noise
                  | rC++ MP+9}
 46488 | Depths:4 | Found a gate to the Realm of Zot.
 46492 | Depths:4 | Reached skill level 23 in Unarmed Combat
 46706 | Depths:4 | Identified the +7 dire flail of the Forest {heavy, rF+
                  | Str-2 Dex+2}
 46867 | Depths:4 | Found a transporter.
 46895 | Depths:4 | Killed Janeylunn's ghost
 46900 | Depths:4 | Identified the ring of Ufeorghoih {*Corrode rC+ Int-4 Dex+7
                  | Stlth+}
 46903 | Depths:4 | Identified the +10 mace "Dragonbane" {heavy, Int+3}
 48540 | Orc:2    | Bought a masterwork buckler for 342 gold pieces
 48540 | Orc:2    | Identified the +1 buckler of Vunkonwi {^Drain rN+ Dex+5
                  | Stlth+} (You bought it in a shop on level 2 of the Orcish
                  | Mines)
 48545 | Orc:2    | Bought a potion of berserk rage for 150 gold pieces
 48545 | Orc:2    | Bought a potion of haste for 300 gold pieces
 49309 | Vaults:5 | Entered Level 5 of the Vaults
 49319 | Vaults:5 | Reached skill level 1 in Shields
 49382 | Vaults:5 | Identified the ring "Wajad" {Ice Int-4 Dex+4}
 49394 | Vaults:5 | Identified the +9 morningstar "Xalir" {flame, rF- rN+ Will+
                  | rCorr}
 49426 | Vaults:5 | Reached skill level 5 in Spellcasting
 49457 | Vaults:5 | Identified the +1 leather armour of Creativity {rF++ MP-9
                  | Slay+3 Stlth+}
 49593 | Vaults:5 | Reached XP level 24. HP: 178/178 MP: 30/30
 50303 | Vaults:4 | Learned a level 3 spell: Swiftness
 50371 | Vaults:5 | Reached skill level 5 in Shields
 50439 | Vaults:5 | Noticed an ancient lich
 50444 | Vaults:5 | Killed an ancient lich
 50512 | Vaults:5 | Got a silver rune of Zot
 50530 | Vaults:5 | Identified the +1 spear of the Sky {drain, *Slow Int+7}
 50738 | Vaults:5 | Identified the +11 mace "Mirelote" {spect, rPois Str+5}
 50896 | Vaults:5 | Identified the +4 flail of Grace {vamp, rF+}
 51717 | Shoals:1 | Entered Level 1 of the Shoals
 51942 | Shoals:1 | Noticed Nikola
 51948 | Shoals:1 | Killed Nikola
 52014 | Shoals:1 | Acquired the ring "Hykilaz" {rN+ rCorr}
 52443 | Shoals:2 | Found a flickering gateway to a bazaar.
 52452 | Bazaar   | Entered a bazaar
 52455 | Bazaar   | Found Keskad's Assorted Antiques.
 52478 | Bazaar   | Found Ruas Pykk's Weapon Emporium.
 52483 | Bazaar   | Found Javat's Antique Weapon Shop.
 52489 | Bazaar   | Found Omic's Armour Boutique.
 52496 | Bazaar   | Found Kom Tuha's General Store.
 52505 | Bazaar   | Bought a scroll of teleportation for 39 gold pieces
 52541 | Bazaar   | Bought a potion of heal wounds for 130 gold pieces
 52541 | Bazaar   | Bought a scroll of teleportation for 78 gold pieces
 52541 | Bazaar   | Bought a scroll of teleportation for 78 gold pieces
 52541 | Bazaar   | Bought 2 potions of haste for 520 gold pieces
 53762 | Shoals:4 | Entered Level 4 of the Shoals
 54020 | Shoals:4 | Got a barnacled rune of Zot
 54226 | Shoals:4 | Identified the +3 demon trident "Vajof" {elec, ^Fragile rF+
                  | Str+5}
 54393 | Shoals:4 | Reached XP level 25. HP: 185/185 MP: 31/31
 55089 | Zot:1    | Entered Level 1 of the Realm of Zot
 55091 | Zot:1    | Found a runed translucent door.
 55091 | Zot:1    | Noticed reasonance's ghost (legendary DsFi)
 55934 | Zot:2    | Found a transporter.
 56040 | Zot:2    | Found a transporter.
 56080 | Zot:2    | You fall into a shaft and drop 2 floors!
 56169 | Zot:3    | Noticed an orb of fire
 56182 | Zot:3    | Killed an orb of fire
 56786 | Zot:3    | Noticed an orb of fire
 56790 | Zot:3    | Gained mutation: You occasionally lose the ability to drink
                  | potions when taking damage. [an orb of fire]
 56792 | Zot:3    | Gained mutation: You have hidden genetic defects. [an orb
                  | of fire]
 56794 | Zot:3    | Gained mutation: You sometimes lose your temper in combat.
                  | [an orb of fire]
 56799 | Zot:3    | Gained mutation: You are dopey. (Int -2) [an orb of fire]
 56800 | Zot:3    | Killed an orb of fire
 57251 | Zot:3    | Lost mutation: You sometimes lose your temper in combat.
                  | [potion of mutation]
 57251 | Zot:3    | Lost mutation: You are dopey. (Int -2) [potion of mutation]
 57251 | Zot:3    | Gained mutation: You are strong-willed. (Will+) [potion of
                  | mutation]
 57251 | Zot:3    | Gained mutation: You do not regenerate when monsters are
                  | visible. [potion of mutation]
 57251 | Zot:3    | Gained mutation: You have a pair of small antennae on your
                  | head. [potion of mutation]
 57252 | Zot:3    | Lost mutation: You are strong-willed. (Will+) [potion of
                  | mutation]
 57252 | Zot:3    | Lost mutation: You have hidden genetic defects. [potion of
                  | mutation]
 57252 | Zot:3    | Gained mutation: You are weak. (Str -2) [potion of
                  | mutation]
 57252 | Zot:3    | Gained mutation: Your spells are a little harder to cast,
                  | but a little more powerful. [potion of mutation]
 57252 | Zot:3    | Gained mutation: You have a pair of antennae on your head.
                  | [potion of mutation]
 57253 | Zot:3    | Lost mutation: You are weak. (Str -2) [potion of mutation]
 57253 | Zot:3    | Lost mutation: You have a pair of antennae on your head.
                  | [potion of mutation]
 57253 | Zot:3    | Gained mutation: You are frail. (-10% HP) [potion of
                  | mutation]
 57254 | Zot:3    | Lost mutation: You occasionally lose the ability to drink
                  | potions when taking damage. [potion of mutation]
 57254 | Zot:3    | Lost mutation: Your spells are a little harder to cast, but
                  | a little more powerful. [potion of mutation]
 57254 | Zot:3    | Gained mutation: You are partially covered in iridescent
                  | scales. (AC +2) [potion of mutation]
 57254 | Zot:3    | Gained mutation: Your magical capacity is low. (-10% MP)
                  | [potion of mutation]
 57366 | Zot:3    | Noticed an orb of fire
 57374 | Zot:3    | Gained mutation: You occasionally lose the ability to read
                  | scrolls when taking damage. [an orb of fire]
 57385 | Zot:3    | Killed an orb of fire
 57403 | Zot:3    | Reached skill level 10 in Shields
 57480 | Zot:3    | Identified the +4 dagger "Xannonwo" {drain, Will+ rCorr
                  | Str+4}
 57481 | Zot:3    | Got Sif Muna's Secrets of The Black Sun
 57551 | Zot:5    | Entered Level 5 of the Realm of Zot
 57612 | Zot:4    | Reached skill level 24 in Unarmed Combat
 58201 | Zot:4    | Reached XP level 26. HP: 174/174 MP: 28/28
 58567 | Zot:5    | Noticed an orb of fire
 58608 | Zot:5    | Gained mutation: You occasionally shout uncontrollably at
                  | your foes. [an orb of fire]
 58614 | Zot:5    | Gained mutation: You sometimes lose the ability to read
                  | scrolls when taking damage. [an orb of fire]
 58615 | Zot:5    | Killed an orb of fire
 58664 | Zot:5    | Noticed an orb of fire
 58672 | Zot:5    | Gained mutation: You are weak. (Str -2) [an orb of fire]
 58674 | Zot:5    | Noticed an orb of fire
 58674 | Zot:5    | Noticed an orb of fire
 58675 | Zot:5    | Noticed an orb of fire
 58697 | Zot:4    | Killed an orb of fire
 58860 | Zot:4    | Lost mutation: You have a pair of small antennae on your
                  | head. [potion of mutation]
 58860 | Zot:4    | Lost mutation: You sometimes lose the ability to read
                  | scrolls when taking damage. [potion of mutation]
 58860 | Zot:4    | Lost mutation: You are weak. (Str -2) [potion of mutation]
 58877 | Zot:5    | Noticed a dread lich
 58885 | Zot:5    | Gained mutation: You have hidden genetic defects. [an orb
                  | of fire]
 58891 | Zot:5    | Gained mutation: You are vulnerable to heat. (rF-) [an orb
                  | of fire]
 58895 | Zot:5    | Killed an orb of fire
 58899 | Zot:5    | Killed an orb of fire
 58899 | Zot:5    | Noticed a dread lich
 58903 | Zot:5    | Killed a dread lich
 58906 | Zot:5    | Killed a dread lich
 58906 | Zot:5    | Lost mutation: You occasionally shout uncontrollably at
                  | your foes. [an orb of fire]
 58908 | Zot:5    | Gained mutation: You occasionally lose the ability to drink
                  | potions when taking damage. [an orb of fire]
 58909 | Zot:5    | Killed an orb of fire
 58927 | Zot:5    | Noticed an orb of fire
 58927 | Zot:5    | Gained mutation: You sometimes lose the ability to read
                  | scrolls when taking damage. [an orb of fire]
 58930 | Zot:5    | Gained mutation: Your body sometimes deteriorates upon
                  | taking damage. [an orb of fire]
 58933 | Zot:5    | HP: 3/227 [orb of fire/fireball (31)]
 59049 | Zot:4    | Lost mutation: You are frail. (-10% HP) [potion of
                  | mutation]
 59049 | Zot:4    | Lost mutation: You have hidden genetic defects. [potion of
                  | mutation]
 59049 | Zot:4    | Lost mutation: You do not regenerate when monsters are
                  | visible. [potion of mutation]
 59049 | Zot:4    | Gained mutation: You occasionally shout uncontrollably at
                  | your foes. [potion of mutation]
 59066 | Zot:5    | Killed an orb of fire
 59113 | Zot:5    | Noticed a Killer Klown
 59120 | Zot:5    | Killed a Killer Klown
 59132 | Zot:5    | Noticed a Killer Klown
 59140 | Zot:5    | Killed a Killer Klown
 59156 | Zot:5    | Noticed a Killer Klown
 59156 | Zot:5    | Noticed an orb of fire
 59158 | Zot:5    | Noticed a Killer Klown
 59160 | Zot:5    | Gained mutation: Potions are less effective at restoring
                  | your health. [an orb of fire]
 59163 | Zot:5    | Killed an orb of fire
 59176 | Zot:5    | Killed a Killer Klown
 59178 | Zot:5    | Killed a Killer Klown
 59198 | Zot:5    | Lost mutation: Your body sometimes deteriorates upon taking
                  | damage. [potion of mutation]
 59198 | Zot:5    | Lost mutation: Potions are less effective at restoring your
                  | health. [potion of mutation]
 59198 | Zot:5    | Lost mutation: You sometimes lose the ability to read
                  | scrolls when taking damage. [potion of mutation]
 59198 | Zot:5    | Gained mutation: You are covered in fur. (AC +1) [potion of
                  | mutation]
 59199 | Zot:5    | Lost mutation: Your magical capacity is low. (-10% MP)
                  | [potion of mutation]
 59199 | Zot:5    | Lost mutation: You are vulnerable to heat. (rF-) [potion of
                  | mutation]
 59199 | Zot:5    | Lost mutation: You occasionally shout uncontrollably at
                  | your foes. [potion of mutation]
 59199 | Zot:5    | Lost mutation: You are partially covered in iridescent
                  | scales. (AC +2) [potion of mutation]
 59199 | Zot:5    | Gained mutation: You expend magic power (3 MP) to
                  | strengthen your wands. [potion of mutation]
 60258 | Zot:5    | Noticed a Killer Klown
 60265 | Zot:5    | Killed a Killer Klown
 60486 | Zot:5    | Reached XP level 27. HP: 197/200 MP: 26/31
 60588 | Zot:5    | Got the Orb of Zot
 60612 | Zot:5    | Noticed an ancient lich
 60612 | Zot:5    | Noticed Cuetz the pandemonium lord
 60616 | Zot:5    | Killed an ancient lich
 60626 | Zot:5    | Killed Cuetz the pandemonium lord
 60746 | Zot:2    | Noticed a seraph
 60838 | Depths:2 | Noticed a seraph
 61099 | D:8      | Noticed Voruhiq the pandemonium lord
 61105 | D:8      | Killed Voruhiq the pandemonium lord
 61243 | D:$      | Escaped with the Orb!

Illustrated notes

Levels and vault maps discovered:
D:1:      minmay_arrival_stair_chambers, layout_basic,
          chequers_ecumenical_altar_lobes, nicolae_houndstooth_variations
D:2:      layout_basic, serial_shops, nicolae_shop_crystal,
          mrwooster_statue_mirror, uniq_terence, uniq_jessica
D:3:      layout_rooms, mainiacjoe_overflow_alcove_4, serial_shops, shop,
          nicolae_shop_getting_attention, minivault_11, minmay_misc_feat_doors,
          amethyst_killhole, bh_walls_and_bars, uniq_crazy_yiuf_cottage,
          uniq_robin, uniq_natasha
D:4:      layout_loops_ring, uniq_eustachio
D:5:      layout_basic, nemelex_diamond_rough_becter, serial_shops,
          nicolae_shop_scrapyard, lightli_sewer_entry_pipes, serial_park_tiny_2
D:6:      layout_loops_ring, nicolae_overflow_two_pavilions,
          minmay_temple_entry_grid, roderic_st_hans_cross,
          minmay_misc_feat_cross
D:7:      layout_basic, palyth_stone_intersect
D:8:      layout_gridville
D:9:      layout_cave_pods, grunt_decor_fettered
D:10:     layout_cave_pools, nicolae_overflow_squiral, dpeg_lair_monsters,
          grunt_ministairs_11, uniq_lodul, uniq_joseph
D:11:     wad_guarded_room, layout_long_grid, gammafunk_ghost_necromancy,
          nicolae_gozag_seed_capital
D:12:     statuecave_lemuel, layout_irregular_city, orc_david_3,
          portal_ice_cave_entry_imps, gauntlet_entry_generic,
          okawaru_metal_pillars_1_2
D:13:     layout_rooms, david_vaults_5, serial_glass, glass_columns_c,
          glass_columns_c
D:14:     layout_basic, serial_shops, nicolae_shop_bloodbath_and_beyond,
          uniq_frances, uniq_azrael
D:15:     grunt_enter_depths_giant_problem, layout_loops_ring,
          gammafunk_ghost_fury_of_okawaru, small_statue_alley_a, uniq_kirke
Lair:1:   layout_long_grid, dreamdust_wasp_nest
Lair:2:   layout_concentric_octagons, minmay_snake_entry_guardpost_small
Lair:3:   layout_regular_city, minmay_shoals_entry_beasts
Lair:4:   layout_concentric_octagons, grunt_megastairs_1, serial_bayou_shore_b
Lair:5:   hellmonk_lair_end_abyssal_woods, layout_loops_ring, slime_entry_1,
          columned_hall_lemuel, grunt_forest_large_clearings,
          infiniplex_staircase_pool
Shoals:1: layout_shoals, argonaut_gorgonesque, uniq_nikola
Shoals:2: layout_shoals, serial_shops, bzr_entry_water, centaur_isle
Shoals:3: layout_shoals
Shoals:4: shoals_end_grunt_ice, layout_shoals
Snake:1:  layout_misc_corridors, guppyfry_snake_island
Snake:2:  layout_layer_cave, basic_altar, st_stairs_5
Snake:3:  layout_misc_corridors, nicolae_triple_integral, serial_bayou_shore_b
Snake:4:  johnstein_snake_rune_scales, layout_cave_town, serial_shops, shop,
          nicolae_shop_vocational, uniq_asterion
Orc:1:    layout_caves
Orc:2:    grunt_orc_tribal_feast, layout_caves, serial_shops, shop,
          nicolae_shop_back_alley_shop, nicolae_shop_crystal, shop_fountains,
          nicolae_orc_lava_tube, minmay_orc_treasury
Elf:1:    eino_elf_arrival_altar, layout_loops_corners,
          nicolae_elf_blasts_and_bolts, nicolae_shop_clearance, uniq_aizul
Elf:2:    elven_hall_of_blades_hangedman_original [mumra_blade_entry_dagger],
          layout_geoelf_grid, uniq_roxanne, uniq_donald
Elf:3:    minmay_elf_hall_dome, layout_geoelf_diagonals, hangedman_elf_disciples
Vaults:1: ontoclasm_vaults_ring_square, nicolae_vaults_murder_corner,
          nicolae_vaults_doubleplus_tesselated,
          nicolae_vaults_twisting_passages, hangedman_vaults_restitches,
          vaults_room_fours, v_misc_26, grunt_vaults_diagonal,
          layout_vaults_big_room
Vaults:2: minmay_crypt_entry_necro_gods, nicolae_vaults_closet_pinwheel_5,
          nicolae_vaults_closet_pinwheel_3, nicolae_vaults_trapezoid_layered,
          ontoclasm_vaults_bender, vaults_room_hallway,
          serial_library_hellmonk_semicircle, v_rooms_1, v_misc_5,
          nicolae_vaults_sealed_display, grunt_vaults_funnel,
          grunt_vaults_hallway_long, vaults_room_door_ring,
          nicolae_vaults_trapezoid_lopsided_3, nicolae_vaults_octothorpe,
          layout_vaults_ring, serial_shops, nicolae_shop_window_shopping
Vaults:3: v_misc_24, nicolae_vaults_stairing_the_circle,
          nicolae_vaults_little_guard_posts, ontoclasm_vaults_claustrophobia,
          nicolae_vaults_alarming, nicolae_vaults_shelves_hall,
          layout_vaults_omnigrid, serial_shops, nicolae_shop_gibbet_a_chance,
          uniq_frederick, uniq_saint_roka
Vaults:4: nicolae_vaults_halls_meeting, vaults_dpeg_doors,
          ontoclasm_vaults_ring_small, nicolae_vaults_network_quincunx
          [nicolae_vaults_network_quincunx_subvault,
          nicolae_vaults_network_quincunx_subvault,
          nicolae_vaults_network_quincunx_subvault,
          nicolae_vaults_network_quincunx_subvault,
          nicolae_vaults_network_quincunx_subvault], nicolae_vaults_house_2,
          nicolae_vaults_network_quinsquares
          [nicolae_vaults_network_quincunx_subvault,
          nicolae_vaults_network_quincunx_subvault,
          nicolae_vaults_network_quincunx_subvault,
          nicolae_vaults_network_quincunx_subvault], nicolae_vaults_diamond_2,
          hangedman_vaults_stagger, nicolae_vaults_double_plus_2,
          nicolae_vaults_trapezoid_4, nicolae_vaults_mini_display_case,
          nicolae_vaults_trapezoid_3, ontoclasm_vaults_idyll,
          layout_vaults_omnicross
Vaults:5
Depths:1: layout_roguey, hellmouth_2, minmay_guarded_unrand_zonguldrok,
          grunt_megastairs_3, uniq_bai_suzhen
Depths:2: minmay_skeleton_keep, layout_honeycomb, enter_ziggurat_f, pan_entry,
          pf_hell_entry_tar_river, infiniplex_staircase_diamond,
          hangedman_aerie_drop, minmay_shop_grove
Depths:3: wad_cavern_with_rooms, layout_gridlike, pf_hell_entry_great_geh,
          infiniplex_staircase_hallway_doors, abyss_entry_flame_altar
Depths:4: evilmike_zot_entry_basic, layout_cave_pools, grunt_hell_entry_dis_old,
          minmay_misc_feat_diagonals, abyss_entry, pan_entry,
          gammafunk_ghost_smash, uniq_margery
Zot:1:    kennysheep_ambush_hall, layout_onion_interference,
          regret_index_zotdec_obsidian_hm, ebering_ghost_inner_flame, drop_trap,
          st_stairs_14
Zot:2:    gammafunk_sealed_arena, layout_gridlike
Zot:3:    dreamdust_black_sun_cult, layout_onion_interference,
          regret_index_zotdec_wing_it, skrybe_zot_glass_2
Zot:4:    layout_cellular_growth, regret_index_zotdec_fiery_em, lemuel_elevator
Zot:5:    layout_twisted_circle

Skill      XL: |  1  2  3  4  5  6  7  8  9 10 11 12 13 14 15 16 17 18 19 20 21 22 23 24 25 26 |
---------------+-------------------------------------------------------------------------------+-----
Fighting       | 2 3 4 5 7 8 10 11 12 13 14 15 16 17 18 19 | 19.7
Unarmed Combat | 4 5 6 7 8 11 12 14 16 17 18 19 21 22 23 24 | 24.3
Shapeshifting  | 4 5 12 13 14 15 16 17 18 19 20 21 23 | 23.9
Dodging        | 3 4 5 7 9 10 11 12 13 14 15 16 17 18 19 20 21 | 21.0
Stealth        | 1 6 10 11 13 | 13.6
Air Magic      | 3 5 7 8 |  8.0
Translocations | 2 5 7 8 9 |  9.0
Spellcasting   | 3 5 |  5.5
Shields        | 3 7 10 12 | 12.2

Action                     |  1- 3 |  4- 6 |  7- 9 | 10-12 | 13-15 | 16-18 | 19-21 | 22-24 | 25-27 || total
---------------------------+-------+-------+-------+-------+-------+-------+-------+-------+-------++-------
  Melee: Unarmed           |    46 |   115 |   181 |   546 |  1085 |  1100 |  1114 |  1194 |   716 ||  6097
         Constrict         |    14 |    32 |    35 |   106 |   196 |   226 |   156 |   138 |    69 ||   972
         Tentacles         |     9 |    27 |    44 |     1 |       |       |   113 |   306 |   183 ||   683
         Punch             |     2 |     3 |     6 |       |       |       |    81 |   181 |   136 ||   409
   Cast: Vhi's Electric Ch |       |       |       |       |       |       |       |     5 |     1 ||     6
 Invoke: Serpent's Lash    |       |       |       |     6 |    14 |    17 |    11 |     8 |    11 ||    67
         Heavenly Storm    |       |       |       |       |       |     1 |     3 |     2 |     1 ||     7
Ability: Lunge             |       |     6 |    30 |    59 |    89 |   109 |   121 |   112 |    47 ||   573
         Whirlwind         |       |       |     1 |    65 |    70 |    55 |    49 |    82 |    55 ||   377
         Wall Jump         |       |       |       |     1 |    12 |     6 |    14 |     3 |     9 ||    45
         Blinkbolt         |       |       |       |       |       |       |       |       |     2 ||     2
  Evoke: Wand              |       |       |       |       |       |     3 |     3 |       |     1 ||     7
    Use: Scroll            |       |     2 |     7 |    11 |     7 |     4 |     2 |    12 |     7 ||    52
         Potion            |       |       |     3 |     4 |     1 |     3 |       |    11 |    13 ||    35
   Stab: Sleeping          |     2 |     2 |    15 |     1 |       |    13 |    52 |    65 |    11 ||   161
         Distracted        |       |       |     1 |       |     1 |     3 |     9 |     8 |     4 ||    26
 Armour: Skin              |    17 |    40 |    62 |   303 |   528 |   520 |   560 |   625 |   313 ||  2968
  Dodge: Dodged            |    35 |    52 |    54 |   308 |   768 |   704 |   811 |  1590 |   575 ||  4897
  Block: Kite shield       |       |       |       |       |       |       |       |   193 |   234 ||   427
         Reflection        |       |       |       |       |       |       |       |    10 |     3 ||    13
         Other             |       |       |       |       |       |       |       |       |    13 ||    13
   Form: Maw               |       |       |     1 |       |       |       |       |       |       ||     1
         Flux              |       |       |     1 |       |       |       |       |       |       ||     1
         Serpent           |       |       |       |     1 |       |       |       |       |       ||     1
         Statue            |       |       |       |       |       |       |     1 |       |       ||     1
         Storm             |       |       |       |       |       |       |       |       |     1 ||     1
